 Dungeon Crawl Stone Soup version 0.25-a0-413-g3b4b6a4ccc (webtiles) character file.

Game seed: 15268701814345620978, levelgen mode: deterministic

354 Napalmbreeze the Poker (level 6, 0/43 HPs)
             Began as a Merfolk Gladiator on Jan 14, 2020.
             Was a Follower of Hepliaklqana.
             Slain by a wraith (9 damage)
             ... in an ossuary.
             The game lasted 00:07:03 (3543 turns).

Napalmbreeze the Poker (Merfolk Gladiator)          Turns: 3543, Time: 00:07:04

Health: 0/43       AC:  8    Str: 16    XL:     6   Next: 62%
Magic:  6/6        EV: 14    Int:  7    God:    Hepliaklqana [*.....]
Gold:   224        SH:  0    Dex: 16    Spells: 5/5 levels left

rFire    . . .     SeeInvis .   a - +0 trident
rCold    . . .     Gourm    .   (no shield)
rNeg     . . .     Faith    .   h - +0 ring mail
rPois    .         Spirit   .   c - +0 helmet
rElec    .         Reflect  .   (no cloak)
rCorr    .         Harm     .   s - +1 pair of gloves
MR       .....                  (no boots)
Stlth    +.........             (no amulet)
HPRegen  0.14/turn              (no ring)
MPRegen  0.10/turn              (no ring)

@: flying, slowed, very slow
A: change form in water, swift swim, stealthy swim, reduced essence
a: Recall Ancestor, Ancestor Identity, Renounce Religion


You were in an ossuary.
You worshipped Hepliaklqana.
Hepliaklqana was aware of your devotion.
You were hungry.

You visited 1 branch of the dungeon, and saw 5 of its levels.
You also visited: Ossuary.

You collected 224 gold pieces.

Inventory:

Hand Weapons
 a - a +0 trident (weapon)
Missiles
 d - a throwing net (quivered)
Armour
 c - a +0 helmet (worn)
 h - a +0 ring mail (worn)
 s - a +1 pair of gloves (worn)
Wands
 w - a wand of random effects (14)
 x - a wand of paralysis (6)
Scrolls
 b - a scroll of teleportation {unknown}
 e - 3 scrolls of identify
 j - 4 scrolls of fear
 l - 5 scrolls of remove curse
 m - 2 scrolls of enchant weapon {unknown}
 o - a scroll of magic mapping
 q - a scroll of blinking {unknown}
 u - a scroll of enchant armour {unknown}
 v - a scroll of amnesia {unknown}
Potions
 i - 2 potions of heal wounds {unknown}
 k - a potion of degeneration {unknown}
 n - 3 potions of flight
 r - a potion of agility {unknown}
 t - a potion of haste {unknown}
Comestibles
 f - 10 rations
 g - a chunk of flesh


   Skills:
 - Level 4.2 Fighting
 + Level 6.4 Polearms
 - Level 2.0 Throwing
 + Level 2.0 Armour
 + Level 5.9 Dodging


You had 5 spell levels left.
You didn't know any spells.
Your spell library contained the following spells:

 Spells                   Type           Power        Failure   Level  Hunger
 Animate Skeleton         Necr           N/A          65%         1    ##.....
 Pain                     Necr           #...         65%         1    ##.....
 Vampiric Draining        Necr           #.........   95%         3    ####...
 Animate Dead             Necr           N/A          100%        4    #####..
 Agony                    Necr           #.......     100%        5    ######.


Dungeon Overview and Level Annotations

Branches:
Dungeon (5/15)            Ossuary (1/1)
 Temple: D:4-7

Altars:
Cheibriados
Gozag
Hepliaklqana
Makhleb
Uskayaw
Vehumet
The Shining One


Message History

* * * LOW HITPOINT WARNING * * *
You closely miss the wraith.
The wraith is severely damaged.
The wraith barely misses you. The wraith closely misses you.
It was a potion of flight.
You feel very buoyant.
You fly up into the air.
The wraith barely misses you.
It was a potion of curing.
You feel better. The wraith hits you.
* * * LOW HITPOINT WARNING * * *
The wraith closely misses you.
You feel better. The wraith hits you but does no damage.
Okay, then.
You closely miss the wraith.
The wraith is severely damaged.
The wraith hits you.
* * * LOW HITPOINT WARNING * * *
The wraith drains your vigour!
You feel as though you will be slow longer.
The wraith hits you!
You die...

### #... ....
#^.. ...
#..###..#
#..#!#..#
#..#'#..# #
#..#W#..#.#..
#...@........
#.........^..
#..####.....^
#..# ..8.^.
#..####...^..
#.^..........
#..^.........
#..####.####.
#..# #


You could see a wraith.

Vanquished Creatures
  A bullfrog (D:3)
  A crimson imp (D:5)
  An orc priest (D:3)
  Natasha (D:3)
  6 adders
  An ooze (D:3)
  2 worms
  2 dart slugs
  3 leopard geckos (D:1)
  11 orcs (D:3)
  A giant cockroach (D:2)
  8 goblins
  8 hobgoblins
  4 jackals (D:3)
  2 quokkas
  A ball python (D:1)
  7 bats
  3 frilled lizards
  A goblin zombie (Ossuary)
  A hobgoblin zombie (Ossuary)
  4 kobolds
  A kobold zombie (Ossuary)
  An orc zombie (Ossuary)
  22 rats
93 creatures vanquished.

Vanquished Creatures (collateral kills)
  2 adders
  An ooze (D:4)
  A leopard gecko (D:4)
  2 orcs (D:3)
  A quokka (D:5)
7 creatures vanquished.

Vanquished Creatures (others)
  4 ancestors
4 creatures vanquished.

Grand Total: 104 creatures vanquished

Notes
Turn   | Place    | Note
-------+----------+-------------------------------------------
     0 | D:1      | Napalmbreeze the Merfolk Gladiator began the quest for the
                  | Orb.
     0 | D:1      | Reached XP level 1. HP: 16/16 MP: 1/1
    84 | D:1      | Reached XP level 2. HP: 19/23 MP: 2/2
   553 | D:1      | Reached XP level 3. HP: 19/29 MP: 3/3
   925 | D:2      | Found an opulent altar of Gozag.
   946 | D:2      | Reached skill level 5 in Polearms
  1145 | D:2      | Found a radiant altar of Vehumet.
  1332 | D:2      | Reached XP level 4. HP: 35/35 MP: 4/4
  1441 | D:2      | Found a faded altar of an unknown god.
  1792 | D:2      | Found a hazy altar of Hepliaklqana.
  1836 | D:2      | Became a worshipper of Hepliaklqana the Forgotten
  1944 | D:3      | Noticed a bullfrog
  1964 | D:3      | Killed a bullfrog
  1964 | D:3      | Reached skill level 1 in Armour
  1964 | D:3      | Reached skill level 5 in Dodging
  1964 | D:3      | Reached XP level 5. HP: 28/37 MP: 5/5
  2332 | D:3      | Reached XP level 6. HP: 39/43 MP: 6/6
  2388 | D:3      | Reached skill level 6 in Polearms
  2487 | D:3      | Found a hide-covered altar of Uskayaw.
  2514 | D:3      | Found a glowing golden altar of the Shining One.
  2550 | D:3      | Noticed Natasha
  2565 | D:3      | Killed Natasha
  2708 | D:3      | Found a burning altar of Makhleb.
  3098 | D:4      | Reached * piety under Hepliaklqana
  3275 | D:4      | Found a snail-covered altar of Cheibriados.
  3365 | D:5      | Entered Level 5 of the Dungeon
  3425 | D:5      | Found a sand-covered staircase.
  3444 | Ossuary  | Entered an ossuary
  3444 | Ossuary  | Noticed a wraith
  3444 | Ossuary  | Noticed a wraith
  3444 | Ossuary  | Noticed a wraith
  3520 | Ossuary  | Noticed a wraith
  3543 | Ossuary  | Slain by a wraith

Levels and vault maps discovered:
D:1:      erik_arrival_orb_chamber, layout_loops_cross, minmay_quantized
D:2:      layout_loops_cross, lemuel_crystal_altar, lemuel_round_altar,
          vehumet_crystals, chequers_ecumenical_altar_simple,
          grunt_decor_mini_mirrors, minmay_close_crescents
D:3:      layout_loops_ring, overflow_temple_1_default, lightli_temple_of_fire,
          overflow_temple_1_default, uniq_natasha
D:4:      layout_basic, kennysheep_slug_shrine, first_ration
D:5:      layout_loops_ring, nicolae_ossuary_entry_ruins, uniq_duvessa
Ossuary:  ossuary_kennysheep_city_of_the_dead

Skill      XL: |  1  2  3  4  5  6 |
---------------+-------------------+-----
Fighting       | 3 4 |  4.2
Polearms       | 5 6 |  6.4
Armour         | 1 2 |  2.0
Dodging        | 5 |  5.9
Throwing       | |  2.0

Action                   |  1- 3 |  4- 6 || total
-------------------------+-------+-------++-------
Melee: Trident           |   132 |   240 ||   372
Throw: Throwing net      |       |     2 ||     2
Invok: Ancestor Identity |       |     2 ||     2
  Use: Scroll            |       |     4 ||     4
       Potion            |       |     3 ||     3
 Stab: Distracted        |       |     1 ||     1
  Eat: Chunk             |     2 |     6 ||     8
Armor: Leather armour    |     3 |       ||     3
       Ring mail         |    28 |    71 ||    99
Dodge: Dodged            |    45 |   142 ||   187

Table legend:
 A = Non-vault XP
 B = Vault XP
 C = Vault XP percentage of total XP
 D = Non-vault monster count
 E = Vault monster count
 F = Vault count percentage of total count
                 A         B        C        D         E       F
            +---------+---------+-------+---------+---------+-------
      Total |     434 |      72 |  14.2 |      73 |      27 |  27.0
            +---------+---------+-------+---------+---------+-------
        D:1 |      28 |      23 |  45.1 |      16 |      17 |  51.5
        D:2 |      65 |       6 |   8.5 |      16 |       4 |  20.0
        D:3 |     264 |      35 |  11.7 |      35 |       1 |   2.8
        D:4 |      12 |       4 |  25.0 |       3 |       1 |  25.0
        D:5 |      65 |       0 |   0.0 |       3 |       0 |   0.0
    Ossuary |       0 |       4 | 100.0 |       0 |       4 | 100.0
            +---------+---------+-------+---------+---------+-------
